 Dungeon Crawl Stone Soup version 0.31-a0-1589-g8f5e8aebd6 (webtiles) character file.

Game seed: 2588539700076161153

4748 Dordric the Mimic (level 10, 0/71 HPs)
             Began as a Purple Draconian Shapeshifter on Jan 5, 2024.
             Was a High Priest of Okawaru.
             Succumbed to a hornet's poison
             ... on level 9 of the Dungeon.
             The game lasted 00:11:45 (6622 turns).

Dordric the Mimic (Purple Draconian Shapeshifter)   Turns: 6622, Time: 00:11:45

Health: 0/71       AC:  7    Str: 23 (26) XL:     10   Next: 23%
Magic:  8/10       EV: 13    Int: 11 (12) God:    Okawaru [*****.]
Gold:   518        SH:  0    Dex:  8 (10) Spells: 9/9 levels left

rFire   . . .        e - melded +3 dagger (venom)
rCold   . . .        (shield currently unavailable)
rNeg    . . .        (body armour unavailable)
rPois   +            (helmet restricted)
rElec   .            (no cloak)
rCorr   .            (gloves currently unavailable)
SInv    .            (no boots)
Will    +....        (no amulet)
Stlth   ++           p - ring of poison resistance
HPRegen 1.11/turn    t - +6 ring of strength
MPRegen 0.12/turn

%: no passive effects
@: lethally poisoned (0 -> -7), blade hands, heroic
A: breathe power, AC +7, unfitting armour, cold-blooded, horns 1, regeneration 1
a: Breathe Dispelling Energy, Begin Untransformation, Renounce Religion,
Heroism, Finesse, Duel


You were on level 9 of the Dungeon.
You worshipped Okawaru.
Okawaru was extremely pleased with you.
You had blades for hands.
You visited 2 branches of the dungeon, and saw 10 of its levels.

You collected 518 gold pieces.

Inventory:

Hand Weapons
 e - a +3 dagger of venom (melded)
Missiles
 D - 4 throwing nets
Armour
 u - a +2 pair of gloves
Jewellery
 p - a ring of poison resistance (left blade hand)
 t - a +6 ring of strength (right blade hand)
 y - a ring of resist corrosion
Talismans
 b - a beast talisman
 c - a flux talisman
 g - a blade talisman (active)
Wands
 w - a wand of paralysis (11)
 A - a wand of mindburst (19)
 E - a wand of flame (21)
 F - a wand of digging (3)
 G - a wand of light (15)
Scrolls
 h - 2 scrolls of teleportation
 j - a scroll of poison
 l - a scroll of vulnerability
 n - 2 scrolls of revelation
 s - a scroll of silence {unknown}
 v - 3 scrolls of noise
 H - a scroll of fog {unknown}
Potions
 a - 2 potions of lignification
 d - a potion of enlightenment
 f - a potion of brilliance
 i - 4 potions of curing
 k - 2 potions of might
 m - 2 potions of invisibility
 o - a potion of heal wounds
 q - a potion of ambrosia
 r - a potion of haste
 x - a potion of magic
 z - a potion of berserk rage


   Skills:
 - Level 1.1(6.1) Fighting
 - Level 1.7(6.7) Dodging
 - Level 3.0(8.0) Unarmed Combat
 + Level 14.0 Shapeshifting


You had 9 spell levels left.
You didn't know any spells.
Your spell library contained the following spells:

 Spells                   Type           Power      Damage    Failure   Level
 Sandblast                Erth           0%         2d4       34%         1
 Slow                     Hex            0%         N/A       34%         1
 Sting                    Conj/Alch      0%         1d3       34%         1
 Ensorcelled Hibernation  Hex/Ice        0%         N/A       47%         2
 Mercury Vapours          Alch/Air       0%         N/A       47%         2
 Scorch                   Fire           0%         2d5       47%         2
 Confusing Touch          Hex            0%         N/A       71%         3
 Fugue of the Fallen      Necr           0%         N/A       71%         3
 Ozocubu's Armour         Ice            0%         N/A       71%         3
 Passwall                 Erth           0%         N/A       71%         3
 Sigil of Binding         Hex            0%         N/A       71%         3
 Stone Arrow              Conj/Erth      0%         3d7       71%         3
 Vampiric Draining        Necr           0%         2d6       71%         3
 Anguish                  Hex/Necr       0%         N/A       98%         4
 Brom's Barrelling Bould  Conj/Erth      0%         2d3       98%         4
 Cause Fear               Hex            0%         N/A       98%         4
 Flame Wave               Conj/Fire      0%         2d4       98%         4
 Olgreb's Toxic Radiance  Alch           0%         N/A       98%         4
 Fireball                 Conj/Fire      0%         3d3       100%        5
 Metabolic Englaciation   Hex/Ice        0%         N/A       100%        5
 Lehudib's Crystal Spear  Conj/Erth      0%         10d2      100%        8
 Animate Armour           Summ/Erth      Unusable   N/A       N/A         4
 Sculpt Simulacrum        Ice/Alch       Unusable   N/A       N/A         6
 Summon Cactus Giant      Summ           Unusable   N/A       N/A         6
 Dragon's Call            Summ           Unusable   N/A       N/A         9

Dungeon Overview and Level Annotations

Branches:
Dungeon (9/15)             Temple (1/1) D:4
   Lair: D:8-11         Orc: D:9-12

Altars:
Ashenzari
Cheibriados
Dithmenos
Elyvilon
Fedhas
Gozag
Hepliaklqana
Kikubaaqudgha
Makhleb
Nemelex Xobeh
Okawaru
Qazlal
Ru
Sif Muna
Trog
Uskayaw
Vehumet
Wu Jian
Xom
Zin
The Shining One

Shops:
D:3 =   D:5 *

Annotations:
D:7 2 transporters, Newt's ghost, novice MfGl


Innate Abilities, Weirdness & Mutations

You have blades for hands.
You are incapable of wielding weapons or throwing items.
You can breathe bolts of dispelling energy.
Your rich purple scales are hard. (AC +7)
You cannot fit into any form of body armour.
You are cold-blooded and may be slowed by cold attacks.
You have a pair of small horns on your head.
Your natural rate of healing is unusually fast.


Message History

As you open the door, it creaks loudly!
A hornet comes into view.
The hornet buzzes angrily.
A hornet is nearby!
There is an open door here.
You hit the hornet.
Your tail-slap misses the hornet.
The hornet is lightly wounded.
The hornet stings you!
You slice the hornet!!
The hornet is severely wounded.
The hornet stings you but does no damage.
The hornet stings you!
You suddenly lose the ability to move!
The hornet stings you! x2
You are poisoned.
The hornet stings you!
* * * LOW HITPOINT WARNING * * *
You can move again.
You are too injured to fight recklessly!
You are too injured to fight recklessly!
You are too injured to fight recklessly!
You are too injured to fight recklessly!
You are too injured to fight recklessly!
You are too injured to fight recklessly!
You are too injured to fight recklessly!
You are too injured to fight recklessly!
You are too injured to fight recklessly!
You are too injured to fight recklessly!
You are too injured to fight recklessly!
You gain the combat prowess of a mighty hero.
You feel very sick. The hornet stings you!
* * * LOW HITPOINT WARNING * * *
You closely miss the hornet. You headbutt the hornet.
The hornet is severely wounded.
You feel sick. The hornet barely misses you. The hornet stings you!
* * * LOW HITPOINT WARNING * * *
You are lethally poisoned!
You miss the hornet.
The hornet is severely wounded.
You die...

###........# #
##.####### # #..#
##.## #..#
###'#######
#.........# ###+###
#.........####.......
#.........##.@y......
#.........##.#.......
#.........##.#.......
+.........'..#.......
#.........###########
#.........#
#........)#
###########


You could see a hornet.

Vanquished Creatures
  A two-headed ogre (D:8)
  Pikel (D:6)
  Psyche (D:8)
  2 wyverns (D:8)
  3 vampire mosquitoes (D:8)
  A steam dragon (D:5)
  A water moccasin (D:7)
  An acid dragon (D:8)
  An orc warrior (D:8)
  A black bear (D:2)
  2 ice beasts
  2 centaurs
  3 lemures (D:6)
  An ogre (D:5)
  2 phantoms (D:6)
  A kobold brigand (D:8)
  A bullfrog (D:7)
  3 scorpions
  A gnoll sergeant (D:7)
  4 wights (D:6)
  A killer bee (D:8)
  3 bombardier beetles
  4 hounds
  2 jellies
  2 sleepcaps
  A gnoll bouda (D:4)
  4 orc priests
  Crazy Yiuf (D:5)
  7 orc wizards
  An iguana (D:5)
  7 adders
  14 gnolls
  A shadow imp (D:8)
  2 white imps
  A dart slug (D:2)
  A ribbon worm (D:6)
  24 orcs
  8 ball pythons
  10 endoplasms
  2 giant cockroaches
  11 goblins
  9 hobgoblins
  2 jackals (D:1)
  5 quokkas
  3 frilled lizards
  12 kobolds
  5 rats
176 creatures vanquished.

Notes
Turn   | Place    | Note
-------+----------+-------------------------------------------
     0 | D:1      | Dordric the Draconian Shapeshifter began the quest for the
                  | Orb.
     0 | D:1      | Reached XP level 1. HP: 16/16 MP: 1/1
   153 | D:1      | Reached XP level 2. HP: 23/23 MP: 2/2
   249 | D:1      | Found a faded altar of an unknown god.
   409 | D:1      | Reached skill level 4 in Shapeshifting
   585 | D:1      | Reached XP level 3. HP: 28/28 MP: 3/3
   962 | D:2      | Reached XP level 4. HP: 21/35 MP: 4/4
  1181 | D:2      | You fall into a shaft and drop 1 floor!
  1212 | D:3      | Found a glowing silver altar of Zin.
  1503 | D:2      | Reached skill level 5 in Shapeshifting
  2195 | D:3      | Found an opulent altar of Gozag.
  2279 | D:3      | Found Agripokeep's Jewellery Shoppe.
  2315 | D:3      | Found an ornate altar of the Wu Jian Council.
  2552 | D:4      | Found a staircase to the Ecumenical Temple.
  2559 | D:4      | Noticed a black bear
  2671 | D:2      | Reached XP level 5. HP: 31/40 MP: 5/5
  2716 | D:2      | Killed a black bear
  2717 | D:2      | Reached skill level 6 in Shapeshifting
  2766 | D:3      | Gained mutation: You have hidden genetic defects. [potion
                  | of mutation]
  2766 | D:3      | Gained mutation: Your spells are a little harder to cast,
                  | but a little more powerful. [potion of mutation]
  2769 | D:3      | Lost mutation: Your spells are a little harder to cast, but
                  | a little more powerful. [potion of mutation]
  2769 | D:3      | Lost mutation: You have hidden genetic defects. [potion of
                  | mutation]
  2769 | D:3      | Gained mutation: You have a pair of small horns on your
                  | head. [potion of mutation]
  2769 | D:3      | Gained mutation: Your natural rate of healing is unusually
                  | fast. [potion of mutation]
  2810 | D:3      | Reached XP level 6. HP: 43/47 MP: 6/6
  2832 | Temple   | Entered the Ecumenical Temple
  2916 | Temple   | Became a worshipper of Warmaster Okawaru
  3189 | D:4      | Reached skill level 7 in Shapeshifting
  3289 | D:5      | Entered Level 5 of the Dungeon
  3316 | D:5      | Your scales start taking on a rich purple colour.
  3316 | D:5      | Reached XP level 7. HP: 52/52 MP: 7/7
  3317 | D:5      | Found Xiythrof's Assorted Antiques.
  3411 | D:5      | Reached * piety under Okawaru
  3563 | D:5      | Noticed a steam dragon
  3570 | D:5      | Killed a steam dragon
  3571 | D:5      | Reached skill level 8 in Shapeshifting
  3723 | D:5      | Found a runed translucent door.
  3729 | D:5      | Noticed Crazy Yiuf
  3735 | D:5      | Killed Crazy Yiuf
  3776 | D:6      | Reached skill level 9 in Shapeshifting
  3776 | D:6      | Reached XP level 8. HP: 38/59 MP: 8/8
  3836 | D:6      | Reached ** piety under Okawaru
  3970 | D:6      | Reached skill level 10 in Shapeshifting
  4208 | D:6      | Noticed Pikel
  4209 | D:6      | Found a snail-covered altar of Cheibriados.
  4234 | D:6      | Killed Pikel
  4234 | D:6      | Reached *** piety under Okawaru
  4235 | D:6      | Reached skill level 11 in Shapeshifting
  4235 | D:6      | Reached XP level 9. HP: 38/64 MP: 9/9
  4462 | D:7      | Found a sacrificial altar of Ru.
  4621 | D:7      | Noticed a deep elf pyromancer
  4622 | D:7      | Noticed Newt's ghost (novice MfGl)
  4652 | D:7      | Found a transporter.
  4725 | D:7      | Found a transporter.
  5076 | D:7      | Reached skill level 12 in Shapeshifting
  5334 | D:8      | Reached **** piety under Okawaru
  5362 | D:8      | Reached skill level 13 in Shapeshifting
  5410 | D:8      | Found a bloodstained altar of Trog.
  5505 | D:8      | Found a shadowy altar of Dithmenos.
  5627 | D:8      | Noticed a two-headed ogre
  5630 | D:8      | Killed a two-headed ogre
  5630 | D:8      | Reached ***** piety under Okawaru
  5631 | D:8      | Reached XP level 10. HP: 57/71 MP: 10/10
  5792 | D:8      | Noticed Psyche
  5802 | D:8      | Killed Psyche
  6575 | D:9      | Reached skill level 14 in Shapeshifting
  6617 | D:9      | Paralysed by a hornet for 2 turns
  6621 | D:9      | HP: 2/71 [hornet (8)]
  6622 | D:9      | Succumbed to a hornet's poison

Illustrated notes

Levels and vault maps discovered:
D:1:      dpeg_arrival_tiny_a, layout_loops_ring,
          hellmonk_ecumenical_altar_heavens_door
D:2:      layout_basic, st_stairs_13, minmay_gold_behind_fungi,
          dk_noncrumbling_2, hangedman_decor_push
D:3:      layout_basic, mainiacjoe_overflow_24_doors, lemuel_round_altar,
          zin_treasury, serial_shops, nicolae_shop_statue_plus,
          roderic_nine_men_s_morris, kennysheep_generic_room_6
D:4:      layout_rooms, minmay_temple_entry_overgrown
D:5:      layout_rooms, serial_shops, nicolae_shop_dealshenge,
          uniq_crazy_yiuf_cottage
D:6:      layout_rooms, slow_altar_1, uniq_pikel
D:7:      layout_basic, nicolae_ru_path_of_blood, gammafunk_ghost_arena,
          nicolae_twisty_statue_hallways
D:8:      layout_loops_cross, trog_three_pillars_becter,
          mainiacjoe_overflow_cross_hatched, hangedman_minor_gate_pass,
          uniq_psyche
D:9:      layout_roguey, minivault_15, dreamdust_princess_bridge, minivault_16,
          minmay_misc_feat_iff, uniq_grum
Temple:   dpeg_chambers_temple

Skill      XL: |  1  2  3  4  5  6  7  8  9 10 |
---------------+-------------------------------+-----
Shapeshifting  | 4 5 6 7 9 11 13 14 | 14.0
Fighting       | |  1.1
Dodging        | |  1.7
Unarmed Combat | |  3.0

Action                     |  1- 3 |  4- 6 |  7- 9 | 10-12 || total
---------------------------+-------+-------+-------+-------++-------
  Melee: Unarmed           |    27 |       |   239 |     9 ||   275
         Punch             |     4 |     5 |     7 |       ||    16
         Dagger            |    44 |   129 |    30 |       ||   203
         Tailslap          |    11 |    11 |    32 |       ||    54
         Headbutt          |       |     9 |    44 |     1 ||    54
 Invoke: Heroism           |       |       |       |     1 ||     1
Ability: Breathe Dispellin |       |       |     5 |       ||     5
  Evoke: Wand              |       |     3 |       |       ||     3
    Use: Scroll            |       |     2 |     7 |     2 ||    11
         Potion            |       |     4 |       |     7 ||    11
   Stab: Sleeping          |     1 |       |       |       ||     1
         Distracted        |     1 |       |       |       ||     1
         Paralysed         |       |     1 |       |       ||     1
 Armour: Skin              |    29 |    76 |   170 |    16 ||   291
  Dodge: Dodged            |    37 |    90 |   130 |     5 ||   262
   Form: Blade             |       |       |     1 |       ||     1

Table legend: (Time is in decaauts)
 A = Elapsed time spent in this place.
 B = Non-inter-level travel time spent in this place.
 C = Inter-level travel time spent in this place.
 D = Time resting spent in this place.
 E = Time spent auto-exploring this place.
 F = Levels seen in this place.
 G = Mean time per level.
                   A        B        C        D        E       F      G
               +--------+--------+--------+--------+--------+-----+--------+
         Total |   6614 |   6426 |    188 |    892 |   4114 |  10 |  661.4 |
       Dungeon |   6508 |   6341 |    167 |    892 |   4114 |   9 |  723.1 |
        Temple |    105 |     84 |     21 |      0 |      0 |   1 |  105.0 |
               +--------+--------+--------+--------+--------+-----+--------+

Top non-repeatable levels by time:
     D:8: 1397 daAuts
     D:2: 1095 daAuts
     D:1: 936 daAuts
     D:7: 772 daAuts
     D:3: 761 daAuts
     D:6: 591 daAuts
     D:5: 469 daAuts
     D:4: 401 daAuts
  Temple: 105 daAuts
     D:9: 83 daAuts
